 Dungeon Crawl Stone Soup version 0.21-a0-437-ge5bf024 (webtiles) character file.

123 theanonym the Slasher (level 4, 0/41 HPs)
             Began as a Minotaur Monk on Nov 9, 2017.
             Slain by an orc
             ... wielding a +0 falchion
              (5 damage)
             ... on level 3 of the Dungeon.
             The game lasted 00:02:12 (1950 turns).

theanonym the Slasher (Minotaur Monk)               Turns: 1950, Time: 00:02:12

Health: 0/41       AC:  6    Str: 17    XL:     4   Next: 79%
Magic:  3/3        EV: 10    Int:  7    God:
Gold:   133        SH:  0    Dex: 12    Spells: 3/3 levels left

rFire    . . .     SeeInvis .   a - +0 falchion
rCold    . . .     Gourm    .   (no shield)
rNeg     . . .     Faith    .   l - +0 scale mail
rPois    .         Spirit   .   (helmet restricted)
rElec    .         Reflect  .   (no cloak)
rCorr    .         Harm     .   (no gloves)
MR       .....                  (no boots)
Stlth    ..........             (no amulet)
HPRegen  0.13/turn              (no ring)
MPRegen  0.08/turn              (no ring)

@: no status effects
A: retaliatory headbutt, horns 2
a: no special abilities


Innate Abilities, Weirdness & Mutations

You reflexively headbutt those who attack you in melee.
You have a pair of horns on your head.


   Skills:
 + Level 4.8 Fighting
 * Level 5.9 Long Blades
 - Level 3.2 Dodging
 - Level 1.5 Stealth


You had 3 spell levels left.
You didn't know any spells.

Skill      XL: |  1  2  3 |
---------------+----------+-----
Long Blades    | 4 5 |  5.9
Fighting       | 4 |  4.8
Dodging        | |  3.2
Stealth        | |  1.5

Action                   |  1- 3 |  4- 6 || total
-------------------------+-------+-------++-------
Melee: Falchion          |    81 |    29 ||   110
       Headbutt          |    16 |     5 ||    21
 Stab: Sleeping          |     4 |       ||     4
  Eat: Chunk             |     2 |     1 ||     3
Armor: Robe              |    16 |       ||    16
       Scale mail        |       |    13 ||    13
Dodge: Dodged            |    55 |    16 ||    71
       Rpst.: Falchion   |    13 |     5 ||    18

Inventory:

Hand Weapons
 a - a +0 falchion (weapon)
Armour
 b - a +0 robe
 l - a +0 scale mail (worn)
   (You found it on level 2 of the Dungeon)
Scrolls
 d - a scroll of amnesia {unknown}
 g - a scroll of magic mapping {unknown}
 i - 2 scrolls of remove curse {unknown}
 j - a scroll of enchant weapon {unknown}
 k - a scroll of teleportation {unknown}
 m - 2 scrolls of noise {unknown}
 n - a scroll of blinking {unknown}
Potions
 e - 2 potions of curing {unknown}
 f - 3 potions of agility {unknown}
Comestibles
 c - 4 bread rations
 h - a royal jelly
 o - a chunk of flesh

Dungeon Overview and Level Annotations

Branches:
Dungeon (3/15)

Altars:


You were on level 3 of the Dungeon.
You were not hungry.

You visited 1 branch of the dungeon, and saw 3 of its levels.

You collected 133 gold pieces.


Message History

The orc wizard shouts!
You hear a shout! x3
The orc wizard gestures at you while chanting.
The puff of frost hits you!
You see here an adder corpse.
An orc wizard is nearby!
You take 12 damage, and have 24/41 hp.
MASSIVE DAMAGE!!
An orc wizard is nearby!
An orc wizard is nearby!
An orc wizard is nearby!
You are too injured to fight recklessly!
You are too injured to fight recklessly!
The orc wizard moves out of view.
You feel sick.
You take 1 damage, and have 24/41 hp.
A hobgoblin comes into view. It is wielding a club.
The hobgoblin shouts!
You hear a bark!
The orc wizard hits you but does no damage.
You slash the orc wizard!
The orc wizard hits you but does no damage.
You hit the orc wizard but do no damage.
The orc wizard hits you but does no damage.
You slash the orc wizard!
You kill the orc wizard!
You feel sick.
You take 1 damage, and have 23/41 hp.
You aren't carrying any items that you can evoke.
You hit the hobgoblin. Your headbutt misses the hobgoblin.
The hobgoblin barely misses you. You furiously retaliate!
You headbutt the hobgoblin!
You kill the hobgoblin!
You start resting.
You feel sick.
You are no longer poisoned.
You take 1 damage, and have 23/41 hp.
You start resting.
Some of the chunks of flesh in your inventory have rotted away. x2
Health restored: 41
Okay, then.
Things that are here:
a club; a dagger of electrocution; a robe You butcher the adder corpse.
o - 5 chunks of flesh (gained 1) Some of the chunks of flesh in your inventory have rotted away.
Found a stone staircase leading down.
i - 2 scrolls labeled VEAN HOKESUF (gained 1)
A goblin comes into view.
The goblin shouts!
A goblin is nearby!
A goblin is nearby!
A goblin is nearby!
An orc priest comes into view. It is wielding a hand axe.
An orc comes into view. It is wielding a dagger.
The orc priest shouts!
The orc shouts!
The orc priest looks satisfied for a moment.
An orc comes into view. It is wielding a falchion.
The orc shouts!
The goblin hits you.
You take 1 damage, and have 40/41 hp.
You hit the goblin.
You kill the goblin!
An orc comes into view.
The orc priest invokes the aid of Beogh against you.
Beogh smites you!
You take 10 damage, and have 30/41 hp.
MASSIVE DAMAGE!!
You hit the orc priest but do no damage.
The orc priest hits you but does no damage.
An orc comes into view.
You hit the orc priest. Your headbutt misses the orc priest.
The orc hits you but does no damage.
You hit the orc priest.
The orc priest hits you but does no damage.
The orc barely misses you. The orc hits you but does no damage.
You hit the orc priest but do no damage.
The orc hits you but does no damage. x2
You hit the orc priest.
The orc priest invokes the aid of Beogh against you.
Pain shoots through your body!
* * * LOW HITPOINT WARNING * * *
The orc hits you but does no damage.
You take 14 damage, and have 17/41 hp.
MASSIVE DAMAGE!!
You are too injured to fight recklessly!
You are too injured to fight recklessly!
You are too injured to fight recklessly!
You are too injured to fight recklessly!
You are too injured to fight recklessly!
You are too injured to fight recklessly!
You hit the orc priest.
The orc priest hits you with a hand axe!
* * * LOW HITPOINT WARNING * * *
The orc hits you.
* * * LOW HITPOINT WARNING * * *
The orc misses you.
You riposte.
You closely miss the orc. You headbutt the orc.
The orc hits you but does no damage.
You take 11 damage, and have 6/41 hp.
MASSIVE DAMAGE!!
You hit the orc priest.
You headbutt the orc priest, but do no damage.
The orc barely misses you. The orc hits you.
* * * LOW HITPOINT WARNING * * *
The orc priest hits you but does no damage.
The orc hits you with a falchion.
You die...

#..####.#.................
#..####...#.#.###.#.#..##.
#.........................
#.?.......#.#####.........
........................#.#
###........#.######..#.....
#.###......# #..#.##..
..........†.# #..#.####
###.#####o@o># ...... .
......ooo...........# #
..................#.#
.#####..####### #..# #...
#..# #..#


You could see an orc priest and 4 orcs.

Notes
Turn   | Place    | Note
-------+----------+-------------------------------------------
     0 | D:1      | theanonym the Minotaur Monk began the quest for the Orb.
     0 | D:1      | Reached XP level 1. HP: 19/19 MP: 0/0
    61 | D:1      | Reached skill level 4 in Long Blades
    89 | D:1      | Reached XP level 2. HP: 24/27 MP: 1/1
    99 | D:1      | Reached skill level 4 in Fighting
   515 | D:1      | Reached XP level 3. HP: 31/33 MP: 2/2
  1108 | D:2      | Reached skill level 5 in Long Blades
  1624 | D:3      | Reached XP level 4. HP: 40/41 MP: 3/3
  1948 | D:3      | HP: 17/41 [orc priest/nerve-wracking pain (14)]
  1949 | D:3      | HP: 6/41 [orc (4)]
  1950 | D:3      | Slain by an orc

Vanquished Creatures
  An orc wizard (D:3)
  3 adders
  A worm (D:3)
  2 dart slugs
  2 leopard geckos
  An orc (D:3)
  4 giant cockroaches
  10 goblins
  9 hobgoblins
  5 kobolds
  A quokka (D:2)
  A ball python (D:2)
  6 bats
  8 frilled lizards
  8 rats
62 creatures vanquished.
